 Dungeon Crawl Stone Soup version 0.32-a0-19-g28bc083 (webtiles) character file.

Game seed: 12603248799143362280

371 Dorkslayer the Ruffian (level 6, 0/38 HPs)
             Began as an Octopode Shapeshifter on Jan 17, 2024.
             Engulfed by an orc wizard's steam (14 damage)
             ... on level 4 of the Dungeon.
             The game lasted 00:07:48 (2694 turns).

Dorkslayer the Ruffian (Octopode Shapeshifter)      Turns: 2694, Time: 00:07:49

Health: 0/38       AC:  1    Str: 16    XL:     6   Next: 71%
Magic:  6/6        EV: 11    Int: 12    God:
Gold:   233        SH:  9    Dex: 11    Spells: 5/5 levels left

rFire   . . .        j - +1 demon trident (vamp)
rCold   . . .        d - +2 kite shield
rNeg    . . .        (helmet currently unavailable)
rPois   .            (no amulet)
rElec   .            (no ring)
rCorr   .            (no ring)
SInv    .            (no ring)
Will    .....        (no ring)
Stlth   ++++         (no ring)
HPRegen 0.26/turn    (no ring)
MPRegen 0.10/turn    (no ring)
                     (no ring)

%: no passive effects
@: beast-form
A: beast (slay +2), almost no armour, amphibious, 8 rings, camouflage 1,
gelatinous body 1, nimble swimmer 1, tentacles
a: Begin Untransformation


You were on level 4 of the Dungeon.
You were a hulking beast.
You visited 1 branch of the dungeon, and saw 4 of its levels.
You also visited: Sewer.

You collected 233 gold pieces.

Inventory:

Hand Weapons
 g - a +1 hand axe
 j - a +1 vampiric demon trident (weapon)
Missiles
 h - 4 boomerangs (quivered)
Armour
 d - a +2 kite shield (worn)
Talismans
 b - a beast talisman
 c - a flux talisman
Wands
 k - a wand of flame (26)
Scrolls
 l - a scroll of amnesia {unknown}
 n - a scroll of fear {unknown}
Potions
 a - a potion of lignification
 f - a potion of cancellation
 i - a potion of might
 m - a potion of invisibility
 o - a potion of attraction {unknown}


   Skills:
 + Level 1.4 Fighting
 - Level 1.0(1.5) Axes
 * Level 1.7(1.9) Polearms
 * Level 2.6 Dodging
 + Level 3.8 Stealth
 * Level 2.1 Shields
 * Level 4.2 Unarmed Combat
 * Level 0.1 Evocations
 * Level 4.0 Shapeshifting


You had 5 spell levels left.
You didn't know any spells.
Your spell library was empty.

Dungeon Overview and Level Annotations

Branches:
Dungeon (4/15)              Sewer (visited)
 Temple: D:4-7

Altars:
Sif Muna

Shops:
D:3 (


Innate Abilities, Weirdness & Mutations

You are a hulking beast.
Your limbs bulge with bestial killing power. (Slay +2)
You cannot wear most types of armour.
You are amphibious.
You can wear up to eight rings at the same time.
Your skin changes colour to match your surroundings (Stealth+).
Your rubbery body absorbs attacks. (AC +1, EV +1)
You are camouflaged when in or above water. (Stealth+)
You have tentacles for arms and can constrict up to eight enemies at once.


Message History

You puncture the ribbon worm!
The ribbon worm is heavily wounded.
You constrict the ribbon worm. The ribbon worm barely misses you.
You hit the ribbon worm.
You feel better.
The ribbon worm is severely wounded.
You constrict the ribbon worm.
You kill the ribbon worm!
You see here a ribbon worm corpse.
Found a chain mail.
A goblin comes into view. It is wielding a +0 club.
You see here 8 gold pieces.
A goblin is nearby!
You now have 233 gold pieces (gained 8).
The goblin shouts!
Found a shimmering blue altar of Sif Muna.
You miss the goblin. You grab the goblin. You constrict the goblin.
You kill the goblin!
As you open the door, it creaks loudly! 2 orc wizards come into view.
An orc wizard is wielding a +0 dagger of venom.
The orc wizard shouts! x2
Found Sif Muna's Anthology of Topography.
Found an escape hatch in the floor.
The orc wizard gestures at you while chanting.
You resist with some effort.
There is an open door here.
The orc wizard gestures wildly while chanting.
The orc wizard flickers and vanishes!
Deactivating autopickup; reactivate with Ctrl-A.
The orc wizard points at you and mumbles some strange words.
The puff of flame hits you!
You enter the deep water.
You are engulfed in a cloud of scalding steam.
You block the orc wizard's attack.
You hear some strange, mumbled words.
A magic dart appears from out of thin air!
The magic dart hits you.
You closely miss the orc wizard. You grab the orc wizard.
You are engulfed in a cloud of scalding steam.
You die...

#####.# #...##..#
##'.##.####.####.##
..#..†.......##...##
..#.##.####..#.._..#
..#.....# #..#.8.8.#
..#.....# #.[###'###
≈≈#...#.# #..##...#
###.#.#.# #####...#
>.......# #≈h≈#
....#.### #.o{#
###.#.# ##### #.#.#
#.#.# #.#.# #.#.#
#.#.#


You could see an orc wizard.

Vanquished Creatures
  Pargi (Sewer)
  A brain worm (Sewer)
  A jelly (D:4)
  Terence (D:2)
  A gnoll (D:1)
  5 adders
  2 dart slugs (D:1)
  4 ribbon worms
  3 orcs (D:3)
  6 ball pythons
  11 bats
  8 endoplasms
  A giant cockroach (D:3)
  4 goblins
  5 hobgoblins
  5 jackals
  2 quokkas
  14 frilled lizards
  5 kobolds
  7 rats
87 creatures vanquished.

Notes
Turn   | Place    | Note
-------+----------+-------------------------------------------
     0 | D:1      | Dorkslayer the Octopode Shapeshifter began the quest for
                  | the Orb.
     0 | D:1      | Reached XP level 1. HP: 13/13 MP: 1/1
    72 | D:1      | Reached XP level 2. HP: 4/18 MP: 2/2
   214 | D:1      | Reached XP level 3. HP: 22/23 MP: 3/3
   332 | D:1      | Reached skill level 1 in Shields
   364 | D:1      | Found a faded altar of an unknown god.
   738 | D:2      | Reached skill level 1 in Stealth
   849 | D:2      | Noticed Terence
   859 | D:2      | Reached XP level 4. HP: 10/28 MP: 4/4
   859 | D:2      | Killed Terence
   949 | D:2      | Reached skill level 1 in Axes
  1152 | D:2      | Reached XP level 5. HP: 29/33 MP: 5/5
  1552 | D:3      | Found Liromn's Antique Weapon Boutique.
  1588 | D:3      | Found a glowing drain.
  1595 | Sewer    | Entered a sewer
  1730 | Sewer    | Noticed Pargi
  1740 | Sewer    | Killed Pargi
  1741 | Sewer    | Reached skill level 1 in Polearms
  1741 | Sewer    | Reached XP level 6. HP: 38/38 MP: 6/6
  2680 | D:4      | Found a shimmering blue altar of Sif Muna.
  2694 | D:4      | Engulfed by an orc wizard's steam

Illustrated notes

Levels and vault maps discovered:
D:1:      minmay_arrival_four_houses, layout_rooms,
          shapermc_ecumenical_altar_mp_highgroup, nrook_uturn,
          nicolae_houndstooth_variations
D:2:      layout_rooms, serial_corexii_hall, corexii_hall_statues_x,
          corexii_hall_statues_l, wander_ebering_terrifying_dragon_lair,
          uniq_terence
D:3:      layout_basic, mainiacjoe_sewer_entry_somewhere_in_here_1,
          serial_shops, nicolae_shop_statue_plus
D:4:      layout_basic, led_sif_book, serial_rivers,
          chequers_serial_rivers_room_a, chequers_serial_rivers_micro_c,
          chequers_serial_rivers_room_b, chequers_serial_rivers_micro_e,
          chequers_serial_rivers_room_a, chequers_serial_rivers_large_a

Skill      XL: |  1  2  3  4  5 |
---------------+----------------+-----
Shields        | 1 2 |  2.1
Stealth        | 1 2 3 |  3.8
Axes           | 1 |  1.0
Unarmed Combat | 4 |  4.2
Polearms       | 1 |  1.7
Shapeshifting  | 4 |  4.0
Fighting       | |  1.4
Dodging        | |  2.6
Evocations     | |  0.1

Action                     |  1- 3 |  4- 6 || total
---------------------------+-------+-------++-------
  Melee: Unarmed           |    34 |       ||    34
         Constrict         |    16 |    17 ||    33
         Tentacles         |    14 |    17 ||    31
         Hand axe          |    24 |    33 ||    57
         Punch             |     4 |     1 ||     5
         Demon trident     |       |    61 ||    61
  Throw: Boomerang         |       |     1 ||     1
    Use: Potion            |     1 |     2 ||     3
         Scroll            |       |     6 ||     6
   Stab: Sleeping          |     8 |    13 ||    21
         Distracted        |     1 |       ||     1
 Armour: Skin              |    27 |    35 ||    62
  Dodge: Dodged            |    23 |    38 ||    61
  Block: Kite shield       |    23 |    44 ||    67

Table legend: (Time is in decaauts)
 A = Elapsed time spent in this place.
 B = Non-inter-level travel time spent in this place.
 C = Inter-level travel time spent in this place.
 D = Time resting spent in this place.
 E = Time spent auto-exploring this place.
 F = Levels seen in this place.
 G = Mean time per level.
                   A        B        C        D        E       F      G
               +--------+--------+--------+--------+--------+-----+--------+
         Total |   2727 |   2727 |      0 |    145 |   1468 |   5 |  545.4 |
       Dungeon |   2549 |   2549 |      0 |     45 |   1463 |   4 |  637.2 |
         Sewer |    178 |    178 |      0 |    100 |      5 |   1 |  178.0 |
               +--------+--------+--------+--------+--------+-----+--------+

Top non-repeatable levels by time:
     D:3: 975 daAuts
     D:1: 729 daAuts
     D:2: 618 daAuts
     D:4: 226 daAuts
   Sewer: 178 daAuts
